 Dungeon Crawl Stone Soup version 0.28.0-45-g0d030f2227 (webtiles) character file.

Game seed: 13836098199533489190

386 Xernist the Magician (level 6, -2/46 HPs)
             Began as a Mummy Necromancer on Apr 3, 2022.
             Was a Plaything of Xom.
             Killed by divine providence
             ... invoked by an orc priest
              (13 damage)
             ... on level 3 of the Dungeon.
             The game lasted 00:15:41 (4151 turns).

Xernist the Magician (Mummy Necromancer)            Turns: 4151, Time: 00:15:42

Health: -2/46      AC:  2    Str: 12    XL:     6   Next: 48%
Magic:  12/14      EV: 13    Int: 14    God:    Xom [..*...]
Gold:   98         SH:  0    Dex: 14    Spells: 15/16 levels left

rFire   x . .      SeeInvis .   f - +2 short sword (venom)
rCold   + . .      Faith    .   (no shield)
rNeg    + + +      Spirit   .   a - +0 robe
rPois   ∞          Reflect  .   (no helmet)
rElec   .          Harm     .   (no cloak)
rCorr   .          Rampage  .   (no gloves)
Will    .....                   (no boots)
Stlth   ++........              (no amulet)
HPRegen 0.15/turn               (no ring)
MPRegen 0.14/turn               (no ring)

@: no status effects
A: cold resistance 1, negative energy resistance 3, torment resistance 2, heat
vulnerability 1, no potions
a: Renounce Religion


You were on level 3 of the Dungeon.
You worshipped Xom.
You were a toy of Xom.
You visited 1 branch of the dungeon, and saw 3 of its levels.

You collected 98 gold pieces.

Inventory:

Hand Weapons
 d - a +0 short sword
 f - a +2 short sword of venom (weapon)
 i - a +2 short sword of freezing
Missiles
 c - 14 sling bullets
 e - 155 stones
Armour
 a - a +0 robe (worn)
 h - a +0 helmet
 j - a +0 leather armour
Scrolls
 b - a scroll of identify
Potions
 g - a potion of heal wounds {unknown}
 k - a potion of ambrosia {unknown}
 l - a potion of might {unknown}


   Skills:
 + Level 2.8 Fighting
 + Level 2.0(2.3) Short Blades
 + Level 1.5(2.1) Long Blades
 + Level 1.3(2.0) Axes
 + Level 1.3(1.9) Maces & Flails
 + Level 1.5(2.1) Polearms
 + Level 1.3(2.0) Staves
 + Level 1.4(1.7) Slings
 + Level 1.3 Bows
 + Level 1.3 Crossbows
 + Level 1.3(1.7) Throwing
 + Level 1.3 Armour
 + Level 3.1 Dodging
 + Level 2.9 Stealth
 + Level 1.3 Shields
 + Level 1.3 Unarmed Combat
 + Level 5.5 Spellcasting
 + Level 1.3 Conjurations
 + Level 1.4 Hexes
 + Level 1.3 Summonings
 + Level 5.3 Necromancy
 + Level 1.4 Translocations
 + Level 1.3 Transmutations
 + Level 1.3 Fire Magic
 + Level 1.3 Ice Magic
 + Level 1.3 Air Magic
 + Level 1.5 Earth Magic
 + Level 1.3 Poison Magic
 + Level 1.4 Invocations
 + Level 1.3 Evocations


You had 15 spell levels left.
You knew the following spells:

 Your Spells              Type           Power      Damage    Failure   Level
a - Pain                  Necr           72%        1d7       1%          1

Your spell library contained the following spells:

 Spells                   Type           Power      Damage    Failure   Level
 Animate Skeleton         Necr           36%        N/A       1%          1
 Vampiric Draining        Necr           18%        2d7       5%          3
 Animate Dead             Necr           9%         N/A       19%         4
 Agony                    Necr           18%        N/A       45%         5


Dungeon Overview and Level Annotations

Branches:
Dungeon (3/15)

Altars:
Kikubaaqudgha
Xom

Shops:
D:1 =


Innate Abilities, Weirdness & Mutations

You are immune to poison.
Your flesh is cold resistant. (rC+)
You are immune to negative energy. (rN+++)
You are immune to unholy pain and torment.
You are vulnerable to heat. (rF-)
You do not drink.


Message History

You have reached level 6!
The scorpion stings you. The scorpion stings you!
You hit the scorpion.
The scorpion is lightly wounded.
The scorpion stings you.
You hit the scorpion.
The scorpion is lightly wounded.
The scorpion stings you.
* * * LOW HITPOINT WARNING * * *
Casting: Pain (safe; 1% risk of failure)
Confirm with . or Enter, or press ? or * to list all spells.
You don't know that spell.
There is a stone staircase leading down here.
The scorpion barely misses you.
You closely miss the scorpion.
The scorpion is lightly wounded.
The scorpion stings you.
* * * LOW HITPOINT WARNING * * *
You hit the scorpion.
The scorpion is poisoned.
The scorpion is moderately wounded.
The scorpion barely misses you.
You hit the scorpion.
The scorpion looks as sick as possible!
The scorpion is moderately wounded.
The scorpion closely misses you.
You kill the scorpion!
Your Short Blades skill increases to level 2!
Casting: Pain (safe; 1% risk of failure)
Confirm with . or Enter, or press ? or * to list all spells.
Aiming: Pain (safe; 1% risk of failure)
Press: ? - help, Shift-Dir - straight line, f - orc
Aim: an orc, wielding a +0 flail and wearing a +3 scale mail (chance to affect: 88%)
The orc writhes in agony.
You hit the orc but do no damage.
The orc is poisoned.
The orc is almost dead.
You kill the orc!
The orc priest calls down the wrath of Beogh upon you.
Beogh smites you!
You die...
Xom is highly amused!

............... ...
#.#..#....##.#..###........# r♣.
#....#.....#.#.............#
...##.....+.....#.#.####........#
o...##.#..#.....................#
.oo.##.#..+.....#...............#
....##.#..#.................#..##
....##.#..###....................
.........>ooo.o.@...#...(........
....####.####..##.###............
..... ...# #..##†# #............
....####.# #.)...####....#.#....
.#..# #.# #.#.#.#.......#.#....
.#..# #.####.#.#.#.####..#.##...
#... .......#.#.#.......#......
.... .........................#
###.............####..


You could see an orc priest and 3 orcs.

Vanquished Creatures
  A scorpion (D:3)
  Robin (D:2)
  2 gnolls (D:2)
  6 adders
  An orc (D:3)
  5 ball pythons
  4 bats
  5 endoplasms
  2 giant cockroaches
  18 goblins
  9 hobgoblins
  7 jackals
  10 kobolds
  2 quokkas
  3 frilled lizards
  5 rats
81 creatures vanquished.

Notes
Turn   | Place    | Note
-------+----------+-------------------------------------------
     0 | D:1      | Xernist the Mummy Necromancer began the quest for the Orb.
     0 | D:1      | Reached XP level 1. HP: 13/13 MP: 4/4
   422 | D:1      | Reached XP level 2. HP: 10/19 MP: 0/5
  1120 | D:1      | Reached XP level 3. HP: 21/24 MP: 2/7
  1586 | D:1      | Found Syggaefe's One-of-a-Kind Rings.
  1979 | D:1      | Found a faded altar of an unknown god.
  1982 | D:1      | Prayed at the altar of an unknown god.
  1982 | D:1      | Became a worshipper of Xom of Chaos
  2123 | D:1      | XOM: silly message
  2125 | D:2      | Found an ancient bone altar of Kikubaaqudgha.
  2440 | D:2      | Noticed Robin
  2466 | D:2      | XOM: silly message
  2552 | D:2      | XOM: silly message
  2583 | D:2      | XOM: noise
  2656 | D:2      | Reached XP level 4. HP: 26/30 MP: 10/10
  2670 | D:2      | Killed Robin
  2895 | D:2      | XOM: smoke on damage
  3379 | D:2      | XOM: silly message
  3523 | D:2      | XOM: noise
  3568 | D:2      | Reached skill level 1 in Short Blades
  3568 | D:2      | Reached XP level 5. HP: 34/36 MP: 3/11
  3828 | D:2      | XOM: silly message
  3879 | D:3      | XOM: confuse monster(s)
  4135 | D:3      | XOM: potion effect (experience)
  4135 | D:3      | Reached skill level 1 in Long Blades
  4135 | D:3      | Reached skill level 1 in Axes
  4135 | D:3      | Reached skill level 1 in Maces & Flails
  4135 | D:3      | Reached skill level 1 in Polearms
  4135 | D:3      | Reached skill level 1 in Staves
  4135 | D:3      | Reached skill level 1 in Slings
  4135 | D:3      | Reached skill level 1 in Bows
  4135 | D:3      | Reached skill level 1 in Crossbows
  4135 | D:3      | Reached skill level 1 in Throwing
  4135 | D:3      | Reached skill level 1 in Armour
  4135 | D:3      | Reached skill level 1 in Shields
  4135 | D:3      | Reached skill level 1 in Unarmed Combat
  4135 | D:3      | Reached skill level 5 in Spellcasting
  4135 | D:3      | Reached skill level 1 in Conjurations
  4135 | D:3      | Reached skill level 1 in Hexes
  4135 | D:3      | Reached skill level 1 in Summonings
  4135 | D:3      | Reached skill level 5 in Necromancy
  4135 | D:3      | Reached skill level 1 in Translocations
  4135 | D:3      | Reached skill level 1 in Transmutations
  4135 | D:3      | Reached skill level 1 in Fire Magic
  4135 | D:3      | Reached skill level 1 in Ice Magic
  4135 | D:3      | Reached skill level 1 in Air Magic
  4135 | D:3      | Reached skill level 1 in Earth Magic
  4135 | D:3      | Reached skill level 1 in Poison Magic
  4135 | D:3      | Reached skill level 1 in Invocations
  4135 | D:3      | Reached skill level 1 in Evocations
  4135 | D:3      | Reached XP level 6. HP: 31/46 MP: 11/14
  4151 | D:3      | Killed from afar by an orc priest

Illustrated notes

Levels and vault maps discovered:
D:1:      dpeg_arrival_morbid_curiosity, layout_basic,
          hellmonk_ecumenical_altar_inner_sanctum, nicolae_shop_unique_rings
D:2:      layout_loops_ring, basic_altar, uniq_robin
D:3:      layout_basic, serial_aquarium, aquarium_bridge_square
          [aquarium_subvault_window, aquarium_subvault_bridge,
          aquarium_subvault_balcony, aquarium_subvault_bridge],
          aquarium_bridge_square [aquarium_subvault_bridge,
          aquarium_subvault_balcony, aquarium_subvault_bridge,
          aquarium_subvault_bridge], aquarium_window_fake, aquarium_window_1,
          aquarium_view_2d, aquarium_view_2d, aquarium_pool_four,
          grunt_ministairs_10

Skill      XL: |  1  2  3  4  5  6 |
---------------+-------------------+-----
Spellcasting   | 3 4 5 |  5.5
Stealth        | 2 |  2.9
Short Blades   | 1 2 |  2.0
Dodging        | 2 3 |  3.1
Fighting       | 2 |  2.8
Long Blades    | 1 |  1.5
Axes           | 1 |  1.3
Maces & Flails | 1 |  1.3
Polearms       | 1 |  1.5
Staves         | 1 |  1.3
Slings         | 1 |  1.4
Bows           | 1 |  1.3
Crossbows      | 1 |  1.3
Throwing       | 1 |  1.3
Armour         | 1 |  1.3
Shields        | 1 |  1.3
Unarmed Combat | 1 |  1.3
Conjurations   | 1 |  1.3
Hexes          | 1 |  1.4
Summonings     | 1 |  1.3
Necromancy     | 5 |  5.3
Translocations | 1 |  1.4
Transmutations | 1 |  1.3
Fire Magic     | 1 |  1.3
Ice Magic      | 1 |  1.3
Air Magic      | 1 |  1.3
Earth Magic    | 1 |  1.5
Poison Magic   | 1 |  1.3
Invocations    | 1 |  1.4
Evocations     | 1 |  1.3

Action                   |  1- 3 |  4- 6 || total
-------------------------+-------+-------++-------
Melee: Unarmed           |     3 |       ||     3
       Short sword       |    27 |    85 ||   112
       Punch             |     1 |     2 ||     3
 Cast: Pain              |    51 |     9 ||    60
  Use: Scroll            |     1 |       ||     1
 Stab: Sleeping          |     1 |     5 ||     6
Armor: Robe              |     8 |    22 ||    30
Dodge: Dodged            |    37 |    46 ||    83
